 Dungeon Crawl Stone Soup version 0.26-a0-362-g1d9a9cd4fa (webtiles) character file.

Game seed: 15565135176146579620

340 Gargoyl the Skirmisher (level 6, 0/66 HPs)
             Began as an Ogre Abyssal Knight on July 18, 2020.
             Was a Believer of Lugonu.
             Slain by Duvessa
             ... wielding a +0 short sword
              (8 damage)
             ... on level 4 of the Dungeon.
             The game lasted 00:05:11 (4183 turns).

Gargoyl the Skirmisher (Ogre Abyssal Knight)        Turns: 4183, Time: 00:05:12

Health: 0/66       AC:  3    Str: 23    XL:     6   Next: 56%
Magic:  8/8        EV: 11    Int: 13    God:    Lugonu [**....]
Gold:   281        SH:  0    Dex: 10    Spells: 5/5 levels left

rFire    . . .     SeeInvis .   m - +5 hand axe (elec)
rCold    . . .     Faith    .   (no shield)
rNeg     . . .     Spirit   .   b - +0 robe
rPois    .         Reflect  .   (helmet restricted)
rElec    .         Harm     .   (no cloak)
rCorr    .                      (gloves unavailable)
MR       .....                  (boots unavailable)
Stlth    +.........             l - amulet of magic regeneration
HPRegen  0.21/turn              e - +6 ring of strength
MPRegen  0.36/turn              (no ring)

@: no status effects
A: large, unfitting armour, tough skin 1
a: Depart the Abyss, Bend Space, Renounce Religion


You were on level 4 of the Dungeon.
You worshipped Lugonu.
Lugonu was pleased with you.
You visited 1 branch of the dungeon, and saw 4 of its levels.
You visited the Abyss 1 time.

You collected 281 gold pieces.

Inventory:

Hand Weapons
 m - a +5 hand axe of electrocution (weapon)
 n - a +2 vorpal hand axe
 p - the +6 mace of Kigy {freeze, rF- Str+7}
   (You found it on level 4 of the Dungeon)

   It has been specially enchanted to freeze those struck by it, causing extra
   injury to most foes and up to half again as much damage against particularly
   susceptible opponents.
   It can also slow down cold-blooded creatures.
   It affects your strength (+7).
   It makes you vulnerable to fire.
Missiles
 o - 3 javelins (quivered)
Armour
 b - a +0 robe (worn)
Jewellery
 e - a +6 ring of strength (left hand)
 l - an amulet of magic regeneration (around neck)
 q - a +6 ring of strength
Wands
 j - a wand of disintegration (14)
Scrolls
 c - 2 scrolls of identify
 d - a scroll of immolation {unknown}
Potions
 a - a potion of brilliance {unknown}
 f - 3 potions of heal wounds
 g - 2 potions of curing {unknown}
 h - a potion of flight {unknown}
 i - a potion of haste {unknown}
 k - a potion of might {unknown}


   Skills:
 + Level 5.1 Fighting
 + Level 4.0 Axes
 * Level 1.6 Armour
 * Level 3.7 Dodging
 * Level 3.1 Invocations


You had 5 spell levels left.
You didn't know any spells.
Your spell library contained the following spells:

 Spells                   Type           Power        Failure   Level
 Corona                   Hex            #......      30%         1
 Ensorcelled Hibernation  Hex/Ice        #.....       43%         2
 Confusing Touch          Hex            #.......     67%         3
 Dazzling Flash           Conj/Hex       #.....       67%         3
 Tukima's Dance           Hex            #.......     67%         3


Dungeon Overview and Level Annotations

Branches:
Dungeon (4/15)
 Temple: D:4-7

Altars:
Ashenzari
Nemelex Xobeh
Qazlal

Annotations:
D:4 Duvessa


Innate Abilities, Weirdness & Mutations

You are too large for most types of armour.
You have tough skin. (AC +1)


Message History

You hit Duvessa.
Duvessa is lightly wounded.
Duvessa hits you with a +0 short sword!
You hit Duvessa.
Duvessa is lightly wounded.
Duvessa hits you with a +0 short sword!
* * * LOW HITPOINT WARNING * * *
Duvessa hits you with a +0 short sword.
* * * LOW HITPOINT WARNING * * *
Unknown command.
You slash Duvessa! Lightning courses through Duvessa!!
Duvessa is severely wounded.
Duvessa hits you with a +0 short sword!
* * * LOW HITPOINT WARNING * * *
Duvessa barely misses you.
Unknown command.
You hit Duvessa but do no damage.
Duvessa is severely wounded.
Duvessa hits you with a +0 short sword!
You die...

*****,*,*###....<.....
#.#,,.....###...##
#.#,*###..***#.##*
#.#,* #.,,,,,....
#.#,* #,*****.###
#.#,****,*****^#*
#.#,,,,,,,,,,,,,*
#e#************,* #@#
*,* #)# *,* #.# *,*
########.# *,*
#........# *,*
#.#####..#
###********,* #.# #..#
#..,,,,,,,,,* #.# #..#
#.#********** #.# #.##
#.#


You could see Duvessa (berserk).

Vanquished Creatures
  An ice beast (D:2)
  Dowan (D:4)
  A hound (D:3)
  6 adders
  An ufetubus (Abyss:1)
  An ooze (D:2)
  3 worms
  4 dart slugs
  A leopard gecko (D:3)
  10 orcs (D:3)
  11 bats
  3 giant cockroaches
  11 goblins
  4 hobgoblins (D:1)
  10 jackals
  2 quokkas (D:2)
  A ball python (D:2)
  2 frilled lizards
  5 kobolds
  A quokka skeleton (D:4)
  5 rats
84 creatures vanquished.

Notes
Turn   | Place    | Note
-------+----------+-------------------------------------------
     0 | Abyss:1  | Gargoyl the Ogre Abyssal Knight began the quest for the
                  | Orb.
     0 | Abyss:1  | Reached XP level 1. HP: 24/24 MP: 2/2
     6 | Abyss:1  | Found a corrupted altar of Lugonu.
    37 | Abyss:1  | Noticed a small abomination
    65 | Abyss:1  | Noticed a raiju
    66 | D:1      | Escaped the Abyss
   199 | D:1      | Reached XP level 2. HP: 33/33 MP: 3/3
   312 | D:1      | Reached * piety under Lugonu
   505 | D:1      | Reached XP level 3. HP: 39/40 MP: 4/4
  1675 | D:2      | You fall into a shaft and drop 1 floor!
  1728 | D:3      | Reached ** piety under Lugonu
  1793 | D:3      | Reached XP level 4. HP: 48/49 MP: 5/5
  1809 | D:3      | Reached skill level 1 in Armour
  1820 | D:3      | Found a stormy altar of Qazlal.
  1965 | D:2      | Found a sparkling altar of Nemelex Xobeh.
  2037 | D:2      | Noticed an ice beast
  2050 | D:2      | Killed an ice beast
  2050 | D:2      | Reached XP level 5. HP: 22/55 MP: 5/7
  2477 | D:2      | Reached skill level 5 in Fighting
  2657 | D:3      | Reached XP level 6. HP: 47/66 MP: 8/8
  3174 | D:3      | Found a faded altar of an unknown god.
  3675 | D:4      | Found a shattered altar of Ashenzari.
  4090 | D:4      | Got a glimmering mace
  4091 | D:4      | Identified the +6 mace of Kigy {freeze, rF- Str+7} (You
                  | found it on level 4 of the Dungeon)
  4172 | D:4      | Noticed Dowan
  4173 | D:4      | Noticed Duvessa
  4179 | D:4      | Killed Dowan
  4183 | D:4      | Slain by Duvessa

Illustrated notes

Levels and vault maps discovered:
D:1:      lemuel_arrival_broad_hall, layout_basic
D:2:      layout_loops_ring, nicolae_overflow_crystal_walls
D:3:      layout_loops_cross, overflow_temple_1_default,
          chequers_ecumenical_altar_grove
D:4:      layout_loops_ring, overflow_temple_1_default, kennysheep_little_box,
          uniq_duvessa, uniq_menkaure

Skill      XL: |  1  2  3  4  5  6 |
---------------+-------------------+-----
Armour         | 1 |  1.6
Dodging        | 3 |  3.7
Axes           | 3 4 |  4.0
Fighting       | 5 |  5.1
Invocations    | 3 |  3.1

Action                   |  1- 3 |  4- 6 || total
-------------------------+-------+-------++-------
Melee: Hand axe          |   122 |   145 ||   267
Throw: Javelin           |       |     1 ||     1
Invok: Depart the Abyss  |     1 |       ||     1
  Use: Scroll            |     3 |     9 ||    12
Armor: Robe              |    61 |    32 ||    93
Dodge: Dodged            |   105 |    93 ||   198

Table legend:
 A = Non-vault XP
 B = Vault XP
 C = Vault XP percentage of total XP
 D = Non-vault monster count
 E = Vault monster count
 F = Vault count percentage of total count
                 A         B        C        D         E       F
            +---------+---------+-------+---------+---------+-------
      Total |     418 |      69 |  14.2 |      83 |       1 |   1.2
            +---------+---------+-------+---------+---------+-------
        D:1 |      43 |       0 |   0.0 |      24 |       0 |   0.0
        D:2 |     211 |       0 |   0.0 |      23 |       0 |   0.0
        D:3 |     141 |       0 |   0.0 |      28 |       0 |   0.0
        D:4 |      15 |      69 |  82.1 |       7 |       1 |  12.5
    Abyss:1 |       8 |       0 |   0.0 |       1 |       0 |   0.0
            +---------+---------+-------+---------+---------+-------
